AoeStats
← Clown

Nomad

503351581Analyzed
4v4 RM · 1mo ago on Aug 31, 2026· 38m 11s· 8 players
Game mode
Random Map
Map size
231×231
Population
200
Speed
Normal
Resources
Standard
Victory
Conquest
Starting age
Dark Age
Ending age
Imperial Age
RankedLock teamsTeams togetherTeam positionsShared explorationLock speedFull tech treeHidden civsTurbo modeCheats
Victory
Defeat
🇻🇳 Aztecs · Vietnam
1902
+3
🇹🇷 Italians · Türkiye
1744
+7
🇨🇳 Georgians · China
1710
+8
🇪🇸 Turks · Spain
1655
+10
🇨🇳 Saracens · China
1547
-8
🇺🇸 Mongols · United States
1519
-7
🇨🇳 Portuguese · China
1499
-6
🇲🇽 Slavs · Mexico
1495
-6
Make War, Not Love
5:43 Loom
16:46 Feudal Age
20:56 Castle Age
19:07 Fishing Lines
20:06 Double-Bit Axe
22:35 Bow Saw
24:57 Medium Warships
25:35 Fletching
29:18 Imperial Age
27:10 Gold Mining
28:15 Wheelbarrow
28:49 Bodkin Arrow
29:11 Stone Mining
29:55 Padded Archer Armor
30:24 Ballistics
31:05 Chemistry
31:15 Bracer
31:40 Leather Archer Armor
34:19 Conscription
37:48 Ring Archer Armor
Clown
6:03 Loom
12:30 Feudal Age
13:17 Double-Bit Axe
14:47 Fishing Lines
16:02 Wheelbarrow
17:42 Town Watch
21:59 Castle Age
20:48 Stone Mining
20:49 Gold Mining
27:15 Gillnets
27:42 Bow Saw
27:32 Fletching
29:13 Elite Skirmisher
29:56 Padded Archer Armor
30:41 Bodkin Arrow
31:56 Horse Collar
39:23 Imperial Age
37:40 Ballistics
milarreach
13:35 Feudal Age
13:04 Loom
17:48 Castle Age
16:33 Double-Bit Axe
16:29 Horse Collar
18:41 Bow Saw
18:58 Town Watch
30:43 Fletching
32:57 Wheelbarrow
34:51 Hand Cart
34:57 Heavy Plow
35:46 Gold Mining
39:58 Imperial Age
saymynameBook
9:41 Loom
11:59 Feudal Age
12:36 Town Watch
15:40 Castle Age
14:33 Double-Bit Axe
16:36 Bow Saw
20:54 Sanctity
23:03 Horse Collar
26:21 Redemption
27:24 Fishing Lines
29:38 Wheelbarrow
29:31 Elite Skirmisher
31:24 Fletching
32:08 Bodkin Arrow
33:11 Ballistics
38:23 Imperial Age
36:54 Heavy Plow
36:46 Gold Mining
36:47 Stone Mining
37:37 Padded Archer Armor
38:03 Fervor
eL| Barry_Allen
5:32 Loom
14:43 Feudal Age
18:35 Castle Age
16:53 Double-Bit Axe
18:10 Scale Barding Armor
19:31 Light Cavalry
23:00 Medium Warships
24:19 Bloodlines
24:10 Husbandry
萌萌猫
10:55 Loom
13:14 Feudal Age
14:17 Town Watch
17:14 Castle Age
16:01 Double-Bit Axe
16:35 Stone Mining
16:57 Gold Mining
16:52 Fishing Lines
18:53 Fletching
19:37 Bloodlines
19:25 Bodkin Arrow
23:43 Horse Collar
24:36 Masonry
24:55 Ballistics
24:40 Husbandry
25:58 Padded Archer Armor
27:12 Leather Archer Armor
27:27 Bow Saw
27:54 Heavy Plow
35:27 Imperial Age
37:02 Wheelbarrow
37:58 Bracer
真的很弱
4:41 Loom
15:21 Feudal Age
19:21 Castle Age
17:47 Town Watch
17:57 Double-Bit Axe
19:17 Fletching
20:58 Wheelbarrow
34:10 Bow Saw
34:10 Fishing Lines
37:38 Medium Warships
雀巢阿帆
4:53 Loom
14:39 Feudal Age
19:37 Castle Age
22:55 Double-Bit Axe
24:50 Double-Bit Axe
Connection lost

Rejoining the realm…

Still unreachable

The connection could not be restored.

Session expired

The server has moved on; the page needs a fresh start.